Construct Infanterie Kompanie
Construct Luftwaffe Kompanie
Flak 30 Anti-aircraft Gun Team
Construct Panzergrenadier Kompanie
Construct Panzer Kompanie
Selects Mobile Repair Stations
Luftwaffe Officer Quarters
Selects StuG Assault Group
Selects UNKNOWN (2160084)
Pak 40 Anti-tank Gun Team
Selects Stoßtruppen Assault Package
Selects Mechanized Assault
Selects Mechanized Battlegroup
Selects Luftwaffe Battlegroup